 Dungeon Crawl Stone Soup version 0.31.0-11-ge490571c62 (webtiles) character file.

Game seed: 14134857764177139893

159 Yore the Trooper (level 5, 0/34 HPs)
             Began as a Gargoyle Fighter on Feb 1, 2024.
             Slain by a goblin
             ... wielding a +0 dagger
              (1 damage)
             ... on level 3 of the Dungeon.
             The game lasted 00:03:25 (1661 turns).

Yore the Trooper (Gargoyle Fighter)                 Turns: 1661, Time: 00:03:25

Health: 0/34       AC: 12    Str: 19    XL:     5   Next: 40%
Magic:  5/5        EV:  9    Int:  9    God:
Gold:   50         SH:  4    Dex: 11    Spells: 4/4 levels left

rFire   . . .        a - +0 flail
rCold   . . .        c - +0 buckler
rNeg    + . .        b - +0 scale mail
rPois   ∞            m - +0 helmet
rElec   +            (no cloak)
rCorr   .            (no gloves)
SInv    .            (no boots)
Will    .....        (no amulet) Stlth
                     (no ring)
HPRegen 0.25/turn    (no ring)
MPRegen 0.09/turn

%: no passive effects
@: brilliant, on fire, glowing
A: sickness immunity, AC +4, negative energy resistance 1, electricity
resistance, torment resistance 1, petrification resistance
a: no special abilities


You were on level 3 of the Dungeon.
You visited 1 branch of the dungeon, and saw 3 of its levels.

You collected 154 gold pieces.
You spent 104 gold pieces at shops.

Inventory:

Hand Weapons
 a - a +0 flail (weapon)
Missiles
 f - 3 boomerangs (quivered)
Armour
 b - a +0 scale mail (worn)
 c - a +0 buckler (worn)
 m - a +0 helmet (worn)
Wands
 j - a wand of flame (18)
Scrolls
 g - 4 scrolls of teleportation {unknown}
 h - a scroll of enchant weapon {unknown}
 i - 4 scrolls of identify {unknown}
Potions
 d - a potion of might
 e - a potion of brilliance
 k - a potion of berserk rage
 n - a potion of haste {unknown}


   Skills:
 * Level 4.6 Fighting
 * Level 3.4 Maces & Flails
 + Level 4.0 Armour
 + Level 3.9 Shields


You had 4 spell levels left.
You didn't know any spells.
Your spell library was empty.

Dungeon Overview and Level Annotations

Branches:
Dungeon (3/15)

Altars:
Zin

Shops:
D:1 [   D:2 !


Innate Abilities, Weirdness & Mutations

You are immune to sickness and miasma.
Your stone body is resilient. (AC +4)
You are immune to poison.
You resist negative energy. (rN+)
You are resistant to electric shocks. (rElec)
You are resistant to unholy torment.
You are immune to petrification.


Message History

The liquid fire burns you! The goblin hits you but does no damage.
The bombardier beetle barely misses you.
You are too injured to fight recklessly!
You are too injured to fight recklessly!
You are too injured to fight recklessly!
You hit the bombardier beetle.
The bombardier beetle is almost dead.
The liquid fire burns you!
* * * LOW HITPOINT WARNING * * *
The goblin hits you but does no damage.
You closely miss the bombardier beetle.
The bombardier beetle is almost dead.
The liquid fire burns you!
* * * LOW HITPOINT WARNING * * *
You block the goblin's attack.
The bombardier beetle sprays incendiary fluid at you.
The burning spray hits you.
You are even more covered in liquid fire!
You feel better. The liquid fire burns you!
* * * LOW HITPOINT WARNING * * *
The goblin hits you but does no damage.
The bombardier beetle sprays incendiary fluid at you.
The burning spray hits you.
You are even more covered in liquid fire!
You shake off some of the fire as you move.
The liquid fire burns you!
* * * LOW HITPOINT WARNING * * *
The goblin attacks as it pursues you! The goblin hits you with a +0 dagger.
* * * LOW HITPOINT WARNING * * *
You shake off some of the fire as you move.
The liquid fire burns you!
* * * LOW HITPOINT WARNING * * *
It was a potion of brilliance.
You feel clever all of a sudden. The liquid fire burns you!
* * * LOW HITPOINT WARNING * * *
The goblin hits you with a +0 dagger.
You die...

.....##..<........... .
#.................###
..##.#............####
#
......#.###.....#######
...g#.# #.#####......
#B..# #..## #.#####
#)g####.†##..#
##g...†......#
#@...........#
#.......)..........#
##...#.............#
#...^.............#
#.....##............
#..... #?...........
$.#.#. #...........
###.#. #..>......


You could see a gnoll and a goblin.

Vanquished Creatures
  Robin (D:2)
  2 gnolls (D:3)
  5 adders (D:2)
  A dart slug (D:1)
  2 ribbon worms
  3 orcs (D:3)
  3 ball pythons
  An endoplasm (D:1)
  3 giant cockroaches
  11 goblins
  6 hobgoblins
  4 jackals (D:2)
  2 quokkas (D:2)
  10 bats
  4 frilled lizards
  8 kobolds
  7 rats
73 creatures vanquished.

Notes
Turn   | Place    | Note
-------+----------+-------------------------------------------
     0 | D:1      | Yore the Gargoyle Fighter began the quest for the Orb.
     0 | D:1      | Reached XP level 1. HP: 14/14 MP: 1/1
   302 | D:1      | Reached XP level 2. HP: 19/19 MP: 2/2
   512 | D:1      | Found Ogulown's Armour Boutique.
   662 | D:1      | Reached XP level 3. HP: 24/24 MP: 3/3
   678 | D:1      | You fall into a shaft and drop 1 floor!
   818 | D:2      | Noticed Robin
   819 | D:2      | Reached XP level 4. HP: 29/29 MP: 4/4
  1163 | D:2      | Found Foskang's Distillery.
  1171 | D:2      | Bought a potion of berserk rage for 65 gold pieces
  1171 | D:2      | Bought a potion of curing for 39 gold pieces
  1494 | D:2      | Killed Robin
  1495 | D:2      | Reached XP level 5. HP: 26/34 MP: 5/5
  1575 | D:3      | Found a glowing silver altar of Zin.
  1661 | D:3      | HP: 1/34 [burnt (3)]
  1661 | D:3      | Slain by a goblin

Illustrated notes

Levels and vault maps discovered:
D:1:      evilmike_arrival_plus, layout_basic, serial_shops,
          nicolae_shop_behind_doors, nicolae_figureground_pulse
D:2:      layout_basic, serial_shops, shop, uniq_robin
D:3:      layout_rooms, lemuel_doored_altar, vehumet_altar_wand_db,
          dreamdust_ecumenical_altar_statues, st_stairs_11

Skill      XL: |  1  2  3  4  5 |
---------------+----------------+-----
Fighting       | 4 |  4.6
Maces & Flails | 3 |  3.4
Armour         | 4 |  4.0
Shields        | |  3.9

Action                     |  1- 3 |  4- 6 || total
---------------------------+-------+-------++-------
  Melee: Flail             |   124 |   137 ||   261
    Use: Potion            |       |     2 ||     2
 Armour: Scale mail        |    95 |    94 ||   189
  Dodge: Dodged            |    75 |    61 ||   136
  Block: Buckler           |    26 |    32 ||    58
